 Dungeon Crawl Stone Soup version 0.27-a0-1196-g3e9cee4cb2 (webtiles) character file.

Game seed: 9258996081035504398

162 spiderkeys the Skirmisher (level 5, -1/37 HPs)
             Began as an Octopode Abyssal Knight on May 29, 2021.
             Was a Believer of Lugonu.
             Slain by a phantom (9 damage)
             ... on level 4 of the Dungeon.
             The game lasted 00:05:21 (3778 turns).

spiderkeys the Skirmisher (Octopode Abyssal Knight) Turns: 3778, Time: 00:05:22

Health: -1/37      AC:  1    Str: 12    XL:     5   Next: 43%
Magic:  7/7        EV: 13    Int: 15    God:    Lugonu [**....]
Gold:   116        SH:  0    Dex: 11    Spells: 4/4 levels left

rFire    . . .     SeeInvis .   a - +1 spear
rCold    . . .     Faith    .   (no shield)
rNeg     . . .     Spirit   .   (helmet restricted)
rPois    .         Reflect  .   (no amulet)
rElec    .         Harm     .   (no ring)
rCorr    .         Rampage  .   (no ring)
Will     .....                  (no ring)
Stlth    ++........             (no ring)
HPRegen  0.12/turn              (no ring)
MPRegen  0.10/turn              (no ring)
                                (no ring)
                                (no ring)

@: no status effects
A: almost no armour, amphibious, 8 rings, camouflage 1, gelatinous body 1,
(nimble swimmer 1), tentacles
a: Renounce Religion, Depart the Abyss, Bend Space


You were on level 4 of the Dungeon.
You worshipped Lugonu.
Lugonu was pleased with you.
You visited 1 branch of the dungeon, and saw 4 of its levels.
You visited the Abyss 1 time.

You collected 116 gold pieces.


Innate Abilities, Weirdness & Mutations

You cannot wear most types of armour.
You are amphibious.
You can wear up to eight rings at the same time.
Your skin changes colour to match your surroundings (Stealth+).
Your rubbery body absorbs attacks. (AC +1, EV +1)
((You are camouflaged near water. (Stealth+)))
You have tentacles for arms and can constrict up to eight enemies at once.


   Skills:
 + Level 3.7 Fighting
 * Level 3.6 Polearms
 + Level 3.2 Dodging
 + Level 3.2 Invocations


You had 4 spell levels left.
You didn't know any spells.
Your spell library contained the following spells:

 Spells                   Type           Power      Damage    Failure   Level
 Beastly Appendage        Tmut           0%         N/A       26%         1
 Wereblood                Tmut           0%         N/A       38%         2
 Spider Form              Tmut/Pois      0%         N/A       63%         3
 Ice Form                 Ice/Tmut       0%         N/A       95%         4
 Hydra Form               Tmut           0%         N/A       100%        5

Inventory:

Hand Weapons
 a - a +1 spear (weapon)
Missiles
 b - 74 arrows
 e - 41 sling bullets
 g - 58 stones (quivered)
 i - 21 bolts
Scrolls
 d - 2 scrolls of teleportation {@r4}
 f - a scroll of enchant armour
 h - 2 scrolls of holy word
 l - a scroll of fear

Dungeon Overview and Level Annotations

Branches:
Dungeon (4/15)             Temple (0/1) D:4

Altars:
Sif Muna

##.......##..#
#...#'#.##..#
#...#.#.....#
#...#.#####ยง###
##...#.#(....$.#
.'........##.#.#
#.(.(..ยงยง##.#.#
#...........# #
##....@..####.
##.####...W........
#..................
#.?......########.#
#.(...<.(# #
#........#
Z.....(..#
#........#
.......(.#


You could see a phantom.


Message History

๐Ÿ˜Ž HP[+28]
Your hp is fully restored (37).
You start waiting.
Done waiting.
There is a stone staircase leading down here.
You climb downwards.
There is a stone staircase leading up here.
b - 74 arrows (gained 12)
You see here a +0 flail.
You now have 116 gold pieces (gained 13).
An iguana comes into view.
The iguana hisses angrily.
You closely miss the iguana. Your grab misses the iguana.
The iguana closely misses you.
You hit the iguana. You grab the iguana. You constrict the iguana.
You hit the iguana but do no damage. You squeeze the iguana.
You constrict the iguana, but do no damage.
The iguana bites you! ๐Ÿ˜• HP[-7]
You take 7 damage, and now have 30/37 hp.
You hit the iguana but do no damage. You constrict the iguana.
The iguana hisses menacingly.
The iguana misses you.
You hit the iguana but do no damage.
You constrict the iguana, but do no damage.
The iguana bites you. ๐Ÿ˜ฎ HP[-3]
You take 3 damage, and now have 27/37 hp.
You are too injured to fight recklessly!
You are too injured to fight recklessly!
You are too injured to fight recklessly!
You puncture the iguana! You squeeze the iguana.
You kill the iguana!
Lugonu accepts your kill.
You see here a +0 flail.
A phantom is nearby! ๐Ÿ˜Ž HP[+10]
Your hp is fully restored (37).
Throw: 61 stones
Press: ? - help, Shift-Dir - straight line, f - phantom
Aim: a phantom (wandering, hasn't noticed you, 43% to hit)
You throw a stone. The stone hits the phantom.
You aren't in the Abyss!
Non-targeted abil: Depart the Abyss
Press: ? - help, Q - select action, (/) - cycle Dir - look around, f - activate You aren't in the Abyss!
Unknown command.
Unknown command.
Non-targeted abil: Depart the Abyss
Press: ? - help, Q - select action, (/) - cycle Dir - look around, f - activate
Okay, then.
You aren't carrying any potions.
You throw a stone. The stone misses the phantom.
You throw a stone. The stone barely misses the phantom.
You hit the phantom. The phantom hits you.
The phantom blinks!
You blink. ๐Ÿ˜• HP[-2]
You take 2 damage, and now have 35/37 hp.
You barely miss the phantom. The phantom closely misses you.
You barely miss the phantom. You squeeze the phantom.
The phantom barely misses you.
You miss the phantom.
The phantom hits you but does no damage.
You hit the phantom but do no damage. The phantom barely misses you.
You hit the phantom but do no damage. Your squeeze misses the phantom.
You hit the phantom. The phantom hits you. ๐Ÿ˜• HP[-5]
You take 5 damage, and now have 30/37 hp.
You hit the phantom. The phantom hits you! ๐Ÿ˜ฎ HP[-8]
You take 8 damage, and now have 22/37 hp.
MASSIVE DAMAGE!! (PAUSE)
You hit the phantom but do no damage. The phantom hits you.
* * * LOW HITPOINT WARNING * * *
๐Ÿ˜จ HP[-4]
You take 4 damage, and now have 18/37 hp.
You hit the phantom. The phantom hits you.
* * * LOW HITPOINT WARNING * * *
The phantom blinks!
You blink.
You barely miss the phantom. Your squeeze misses the phantom.
The phantom hits you!
* * * LOW HITPOINT WARNING * * *
The phantom blinks!
You blink. ๐Ÿ˜ฑ HP[-9]
You take 9 damage, and now have 9/37 hp.
MASSIVE DAMAGE!! (PAUSE)
You barely miss the phantom.
The phantom hits you but does no damage.
You hit the phantom. Your squeeze misses the phantom.
The phantom closely misses you.
You hit the phantom. Your squeeze misses the phantom. The phantom hits you.
* * * LOW HITPOINT WARNING * * *
The phantom blinks!
You blink. ๐Ÿ˜ฑ HP[-1]
You take 1 damage, and now have 8/37 hp.
You closely miss the phantom. The phantom hits you!
You die...

Skill      XL: |  1  2  3  4 |
---------------+-------------+-----
Polearms       | 3 |  3.6
Dodging        | 3 |  3.2
Invocations    | 3 |  3.2
Fighting       | |  3.7

Action                   |  1- 3 |  4- 6 || total
-------------------------+-------+-------++-------
Melee: Spear             |   107 |    89 ||   196
       Constrict         |    22 |     9 ||    31
       Tentacles         |     9 |    13 ||    22
Throw: Stone             |       |     3 ||     3
Invok: Bend Space        |       |     5 ||     5
  Use: Scroll            |     5 |     3 ||     8
       Potion            |       |     2 ||     2
 Stab: Sleeping          |    14 |     2 ||    16
Armor: Skin              |     7 |     2 ||     9
Dodge: Dodged            |    39 |    36 ||    75

Levels and vault maps discovered:
D:1:      dpeg_arrival_shrine, layout_loops_ring, ebering_ecumenical_altar_hall
D:2:      layout_loops_ring, basic_altar, serial_bayou_lagoon_b
D:3:      layout_loops_cross
D:4:      gammafunk_wand_slinger, layout_basic, nzn_hepliaklqana_mist_gate,
          old_standard_altar, gammafunk_temple_overflow_forgotten,
          minmay_temple_entry_proselytizer, minmay_pentangle, uniq_sigmund

Notes
Turn   | Place    | Note
-------+----------+-------------------------------------------
     0 | Abyss:1  | spiderkeys the Octopode Abyssal Knight began the quest for
                  | the Orb.
     0 | Abyss:1  | Reached XP level 1. HP: 16/16 MP: 2/2
     0 | Abyss:1  | magus.rc [v1.9.10]
    39 | D:1      | You pass through the gate.
    39 | D:1      | Escaped the Abyss
   151 | D:1      | Found a faded altar of an unknown god.
   173 | D:1      | Reached XP level 2. HP: 21/21 MP: 3/3
   307 | D:1      | You pick up a book of Changes and begin reading...
   307 | D:1      | You add the spells Beastly Appendage, Wereblood, Spider
                  | Form, Ice Form and Hydra Form to your library.
   445 | D:1      | Reached ** piety under Lugonu
   577 | D:1      | Reached XP level 3. HP: 26/26 MP: 4/4
  1610 | D:2      | Reached XP level 4. HP: 29/31 MP: 4/6
  1653 | D:2      | Reached skill level 3 in Polearms
  1820 | D:2      | Found a shimmering blue altar of Sif Muna.
  1976 | D:3      | Reached skill level 3 in Dodging
  2550 | D:4      | Found a staircase to the Ecumenical Temple.
  2555 | D:4      | Reached skill level 3 in Invocations
  2555 | D:4      | Reached XP level 5. HP: 19/37 MP: 7/7
  2845 | D:4      | Noticed a phantom
  2863 | D:4      | HP: 3/37 [phantom (8)]
  3185 | D:4      | HP: 8/37 [water moccasin skeleton (5)]
  3190 | D:4      | HP: 4/37 [water moccasin skeleton (5)]
  3203 | D:4      | HP: 9/37 [water moccasin skeleton (3)]
  3774 | D:4      | HP: 9/37 [phantom (9)]
  3778 | D:4      | Slain by a phantom

Vanquished Creatures
  An orc priest (D:4)
  An iguana (D:4)
  4 adders
  A white imp (D:4)
  A worm (D:2)
  2 dart slugs
  5 endoplasms
  5 giant cockroaches
  5 hobgoblins
  4 quokkas
  6 ball pythons
  4 bats (D:1)
  3 frilled lizards (D:2)
  7 goblins
  2 kobolds (D:1)
  5 rats
56 creatures vanquished.

Vanquished Creatures (others)
  2 plants (D:2)
2 creatures vanquished.

Grand Total: 58 creatures vanquished

Table legend:
 A = Non-vault XP
 B = Vault XP
 C = Vault XP percentage of total XP
 D = Non-vault monster count
 E = Vault monster count
 F = Vault count percentage of total count
                 A         B        C        D         E       F
            +---------+---------+-------+---------+---------+-------
      Total |     189 |      43 |  18.5 |      55 |       1 |   1.8
            +---------+---------+-------+---------+---------+-------
        D:1 |      45 |       0 |   0.0 |      26 |       0 |   0.0
        D:2 |      54 |       0 |   0.0 |      16 |       0 |   0.0
        D:3 |      43 |       0 |   0.0 |      10 |       0 |   0.0
        D:4 |      47 |      43 |  47.8 |       3 |       1 |  25.0
            +---------+---------+-------+---------+---------+-------

Illustrated notes

Table legend:
 A = Kills in this place as a percentage of kills in entire the game.
 B = Kills by you in this place as a percentage of kills by you in the entire game.
 C = Kills by friends in this place as a percentage of kills by friends in the entire game.
 D = Other kills in this place as a percentage of other kills in the entire game.
 E = Experience gained in this place as a percentage of experience gained in the entire game.
 F = Experience gained in this place divided by the number of levels of this place that you have seen.
                   A       B       C       D       E      F
               +-------+-------+-------+-------+-------+----------------------
         Total | 100.0 | 100.0 |   N/A |   N/A | 100.0 |  46.4
       Dungeon | 100.0 | 100.0 |   N/A |   N/A | 100.0 |  58.0
               +-------+-------+-------+-------+-------+----------------------

Table legend: (Time is in decaauts)
 A = Elapsed time spent in this place.
 B = Non-inter-level travel time spent in this place.
 C = Inter-level travel time spent in this place.
 D = Time resting spent in this place.
 E = Time spent auto-exploring this place.
 F = Levels seen in this place.
 G = Mean time per level.
                   A        B        C        D        E       F      G
               +--------+--------+--------+--------+--------+-----+--------+
         Total |   3772 |   3657 |    115 |    606 |   2534 |   5 |  754.4 |
       Dungeon |   3733 |   3618 |    115 |    606 |   2534 |   4 |  933.2 |
         Abyss |     39 |     39 |      0 |      0 |      0 |   1 |   39.0 |
               +--------+--------+--------+--------+--------+-----+--------+

Top non-repeatable levels by time:
     D:3: 1223 daAuts
     D:1: 996 daAuts
     D:2: 918 daAuts
     D:4: 595 daAuts
 Abyss:1: 39 daAuts
